[Event "*** Titled Tuesday Blitz"]
[Site "Chess.com"]
[Date "2019.04.02"]
[Round "8"]
[White "Quiet_Desperation"]
[Black "UCantHandleDenker"]
[Result "1-0"]
[WhiteElo "2426"]
[BlackElo "2460"]
[TimeControl "180+2"]
[EndTime "15:45:49 PDT"]
[Termination "Quiet_Desperation won on time"]

1. e4 c5 2. Nf3 d6 3. d4 cxd4 4. Nxd4 Nf6 5. Nc3 g6 6. Be3 Bg7 7. Bc4 O-O 8. f3 Nc6 9. Qd2 Bd7 10. O-O-O Rc8 11. Bb3 Ne5 12. h4 h5 13. Bg5 Rc5 14.
Kb1 Re8 15. g4 hxg4 16. h5 Nxh5 17. Nd5 1-0

[Event "*** Titled Tuesday Blitz"]
[Site "Chess.com"]
[Date "2019.04.02"]
[Round "8"]
[White "ristingho"]
[Black "chesstatour"]
[Result "1-0"]
[WhiteElo "2482"]
[BlackElo "1999"]
[TimeControl "180+2"]
[EndTime "15:46:12 PDT"]
[Termination "ristingho won by resignation"]

1. d4 Nf6 2. c4 e6 3. Nf3 Bb4+ 4. Bd2 a5 5. g3 O-O 6. Bg2 d5 7. Qc2 b6 8. O-O Ba6 9. Ne5 c6 10. Bf4 Bd6 11. Nd2 Ra7 12. e4 Bxe5 13. Bxe5 Nxe4 14.
Nxe4 dxe4 15. Bxe4 g6 16. Rfd1 Bb7 17. c5 b5 18. Bd6 Re8 19. h4 Na6 20. h5 Nc7 21.
hxg6 hxg6 22. Bxg6 Qf6 23. Bh7+ 1-0

[Event "*** Titled Tuesday Blitz"]
[Site "Chess.com"]
[Date "2019.04.02"]
[Round "8"]
[White "vgyogi"]
[Black "Denis_Palkovich"]
[Result "1-0"]
[WhiteElo "2156"]
[BlackElo "2219"]
[TimeControl "180+2"]
[EndTime "15:46:13 PDT"]
[Termination "vgyogi won by resignation"]

1. d4 d5 2. Bf4 Nf6 3. e3 c5 4. Nd2 Nc6 5. c3 Qb6 6. Rb1 Bf5 7. dxc5 Qxc5 8. Rc1 e5 9. Bg3 Be7 10. Ngf3 Nd7 11. Nb3 Qd6 12. Be2 O-O 13. O-O f6 14.
Nbd4 Bg6 15. Nb5 Qc5 16. Nc7 Rad8 17. Ne6 Qd6 18. Nxf8 Nxf8 19. c4 d4 20. exd4 Nxd4 21. Nxd4 Qxd4 22. Qb3 b6 23. Rfd1 Qc5 24. Rxd8 Bxd8 25.
Rd1 Be7 26. Qe3 Qc7 27. b3 Ne6 28. Bf3 Nd4 29. Rxd4 exd4 30. Qe6+ Bf7 31. Qxf7+ Kxf7 32. Bxc7 1-0

[Event "*** Titled Tuesday Blitz"]
[Site "Chess.com"]
[Date "2019.04.02"]
[Round "8"]
[White "wonderfultime"]
[Black "Last7Samurai"]
[Result "1-0"]
[WhiteElo "2904"]
[BlackElo "2736"]
[TimeControl "180+2"]
[EndTime "15:46:21 PDT"]
[Termination "wonderfultime won by resignation"]

1. d4 d5 2. Nf3 Nf6 3. Bf4 c5 4. c3 Nc6 5. e3 Qb6 6. Qc2 Bf5 7.
dxc5 Bxc2 8. cxb6 axb6 9. Na3 Be4 10. Nb5 O-O-O 11. Bc7 Rd7 12. Bxb6 e6 13. a4 Bxf3 14. gxf3 Ne5 15. Be2 Be7 16. a5 g6 17. O-O g5 18.
a6 bxa6 19. Rxa6 Kb7 20. Rfa1 Nc6 21. Bd4 Nxd4 22. Nxd4 Bc5 23. Bb5 Bxd4 24. Bxd7 Bb6 25. Bb5 h5 26. R6a4 g4 27. Rf4 Rh6 28. Ba6+ Kc7 29.
Be2 1-0

[Event "*** Titled Tuesday Blitz"]
[Site "Chess.com"]
[Date "2019.04.02"]
[Round "8"]
[White "2165149677570"]
[Black "WanderingPuppet"]
[Result "0-1"]
[WhiteElo "2359"]
[BlackElo "2399"]
[TimeControl "180+2"]
[EndTime "15:46:24 PDT"]
[Termination "WanderingPuppet won by resignation"]

1. e4 c5 2. Nf3 d6 3. Bb5+ Nd7 4. O-O Nf6 5. Re1 a6 6. Bf1 e6 7. c3 Be7 8. d4 cxd4 9. cxd4 d5 10. e5 Ne4 11.
Bd3 O-O 12. Bxe4 dxe4 13. Rxe4 b5 14. Rg4 f5 15. exf6 Nxf6 16. Rg3 Bd6 17. Rg5 Bb7 18.
Nc3 b4 19. Na4 Ne4 20. Rh5 Qe8 21. Ng5 Nxf2 22. Qc2 Qxh5 0-1

[Event "*** Titled Tuesday Blitz"]
[Site "Chess.com"]
[Date "2019.04.02"]
[Round "8"]
[White "luisgui16"]
[Black "BvsN"]
[Result "0-1"]
[WhiteElo "2313"]
[BlackElo "2271"]
[TimeControl "180+2"]
[EndTime "15:46:35 PDT"]
[Termination "BvsN won on time"]

1. Nf3 d5 2. e3 Bg4 3. c4 c6 4.
cxd5 cxd5 5. Be2 Nc6 6. O-O Nf6 7. b3 e5 8. Bb2 Bd6 9. Nc3 O-O 10. Nb5 Bb8 11. d4 e4 12. Ne5 Bxe2 13. Qxe2 Re8 14. Rac1 Nxe5 15. dxe5 Bxe5 16. Bxe5 Rxe5 17. Rfd1 Re7 18.
Nd4 Rd7 19. g4 h6 20. h3 Rc8 21. Nf5 Rxc1 22. Rxc1 Rc7 23. Rd1 Qd7 0-1

[Event "*** Titled Tuesday Blitz"]
[Site "Chess.com"]
[Date "2019.04.02"]
[Round "8"]
[White "Miguelito"]
[Black "Andreikka"]
[Result "0-1"]
[WhiteElo "2661"]
[BlackElo "2862"]
[TimeControl "180+2"]
[EndTime "15:46:37 PDT"]
[Termination "Andreikka won by resignation"]

1. e4 e5 2. Nf3 Nc6 3. Bb5 Nf6 4.
O-O Nxe4 5. Re1 Nd6 6. Nxe5 Be7 7.
Bf1 O-O 8. d4 Nf5 9. c3 Nxe5 10.
Rxe5 d5 11. Bd3 g6 12. Nd2 c6 13. Nf3 Bd6 14. Re1 f6 15. Bd2 Bd7 16. h3 Qc7 17. Qc2 Rae8 18. Rxe8 Rxe8 19. Re1 Rxe1+ 20. Bxe1 Kf7 21.
Qe2 Ne7 22. Bd2 b5 23. b4 Bf5 24. Ne1 Bxd3 25. Nxd3 Nf5 26. Qf3 a5 27. a3 a4 28.
g3 Qe7 29. Bf4 Qe4 30. Kg2 Bxf4 31. Nxf4 Qxf3+ 32. Kxf3 Nd6 0-1

[Event "*** Titled Tuesday Blitz"]
[Site "Chess.com"]
[Date "2019.04.02"]
[Round "8"]
[White "NMZanette"]
[Black "FrenchMonster2002"]
[Result "1-0"]
[WhiteElo "2235"]
[BlackElo "2340"]
[TimeControl "180+2"]
[EndTime "15:46:41 PDT"]
[Termination "NMZanette won by resignation"]

1. e4 c5 2. Nf3 Nc6 3. Bb5 g6 4. Bxc6 dxc6 5. O-O Bg7 6. d3 Nf6 7. Nc3 Nd7 8. Be3 e5 9. Qd2 h6 10. h3 Qe7 11. Rae1 Nf8 12. Ne2 Ne6 13. Nh2 g5 14. c3 Bd7 15. d4 cxd4 16. cxd4 exd4 17. Nxd4 O-O-O 18. Nf5 Qf6 19. Bxa7 Nf4 20. Nd6+ Kc7 21. e5 Qe6 22. Qa5+ 1-0

[Event "*** Titled Tuesday Blitz"]
[Site "Chess.com"]
[Date "2019.04.02"]
[Round "8"]
[White "GadimbayliA"]
[Black "Anahita_Gholami"]
[Result "1-0"]
[WhiteElo "2828"]
[BlackElo "2713"]
[TimeControl "180+2"]
[EndTime "15:47:05 PDT"]
[Termination "GadimbayliA won by resignation"]

1. e4 e5 2. Nf3 Nc6 3. Nc3 Nf6 4.
d4 exd4 5. Nxd4 Bb4 6. Nxc6 bxc6 7. Bd3 O-O 8. O-O Re8 9. Bg5 Rb8 10. Na4 d5 11. exd5 cxd5 12. c3 Bd6 13. Qf3 Re5 14. Bf4 Bg4 15. Qg3 Nh5 16. Qxg4 Nxf4 17. Qxf4 Rh5 18.
Qf3 Bxh2+ 19. Kh1 g6 20. g4 Rh4 21. Kg2 h5 22. Rh1 Rxg4+ 23. Qxg4 hxg4 24. Rxh2 Qf6 25. Bc2 Qf3+ 26. Kg1 Re8 27. Rf1 1-0

[Event "*** Titled Tuesday Blitz"]
[Site "Chess.com"]
[Date "2019.04.02"]
[Round "8"]
[White "riconaipe"]
[Black "DenisQ"]
[Result "1-0"]
[WhiteElo "2448"]
[BlackElo "2636"]
[TimeControl "180+2"]
[EndTime "15:47:05 PDT"]
[Termination "riconaipe won by resignation"]

1. d4 d5 2. c4 c6 3. Nf3 Nf6 4. e3 Bf5 5. Nc3 e6 6. Be2 h6 7. O-O Nbd7 8. a3 Bd6 9. b4 a6 10. Nd2 O-O 11. f4 a5 12. b5 c5 13. cxd5 exd5 14. Nf3 c4 15. Ne5 Bh7 16. Bd2 Bxe5 17.
fxe5 Ne4 18. Nxe4 Bxe4 19. Bf3 Bd3 20. Be2 Be4 21. Bf3 f5 22. Bxe4 fxe4 23. Qg4 Qe7 24. a4 b6 25. Qg6 Rxf1+ 26. Rxf1 Rf8 27. Rxf8+ Qxf8 28. Qc6 1-0

[Event "*** Titled Tuesday Blitz"]
[Site "Chess.com"]
[Date "2019.04.02"]
[Round "8"]
[White "vugarrasulov"]
[Black "Andrjywa"]
[Result "1-0"]
[WhiteElo "2838"]
[BlackElo "2525"]
[TimeControl "180+2"]
[EndTime "15:47:09 PDT"]
[Termination "vugarrasulov won by resignation"]

1. e4 c5 2. Nc3 Nc6 3. Bb5 g6 4. f4 Bg7 5. Nf3 e6 6. Bxc6 bxc6 7. O-O Ne7 8. d3 d5 9. e5 O-O 10. Na4 Qa5 11. b3 f6 12. Ba3 Nf5 13. Bxc5 Re8 14. exf6 Bxf6 15. Ne5 Ba6 16. Qe1 Qc7 17. g4 Nd6 18. Qg3 Nb7 19. Rae1 Bb5 20. Bd4 c5 21. Bb2 Bxa4 22. bxa4 d4 23. Nc4 Nd6 24. f5 e5 25.
fxg6 Nxc4 26. dxc4 Rf8 27. gxh7+ Qxh7 28. g5 Bg7 29. g6 Qh5 30. Qg2 Rae8 31. Ba3 Rxf1+ 32. Qxf1 e4 33. Qf7+ 1-0

[Event "*** Titled Tuesday Blitz"]
[Site "Chess.com"]
[Date "2019.04.02"]
[Round "8"]
[White "francogreek"]
[Black "SoltaniciR"]
[Result "0-1"]
[WhiteElo "2414"]
[BlackElo "2584"]
[TimeControl "180+2"]
[EndTime "15:47:11 PDT"]
[Termination "SoltaniciR won by resignation"]

1. Nf3 c5 2. g3 Nc6 3. Bg2 g6 4. O-O Bg7 5. e4 d6 6. c3 Nf6 7.
d4 O-O 8. d5 Nb8 9. Re1 Nbd7 10.
c4 a6 11. a4 Ng4 12. Nc3 Nge5 13. Nxe5 Nxe5 14. Qe2 e6 15. f4 Nd7 16. dxe6 fxe6 17. Be3 Nb8 18. Red1 Qe7 19. e5 dxe5 20. Ne4 Nd7 21.
Rxd7 Qxd7 22. Nxc5 Qc7 23. fxe5 Qxe5 24. Rd1 Qxb2 25.
Qg4 Qc3 26. Rd3 Qe1+ 0-1

[Event "*** Titled Tuesday Blitz"]
[Site "Chess.com"]
[Date "2019.04.02"]
[Round "8"]
[White "GM_RobertoMogranzini"]
[Black "ace_mar"]
[Result "1-0"]
[WhiteElo "2457"]
[BlackElo "2281"]
[TimeControl "180+2"]
[EndTime "15:47:12 PDT"]
[Termination "GM_RobertoMogranzini won by resignation"]

1. e4 e5 2. Nf3 Nc6 3. Bb5 a6 4. Ba4 Nf6 5. Qe2 b5 6. Bb3 Be7 7. d3 O-O 8. c3 d5 9. O-O Re8 10.
Re1 Bf8 11. Nbd2 Bb7 12. Nf1 h6 13. Ng3 g6 14. Bd2 Bg7 15. Rad1 Qd6 16. Bc1 Rad8 17. h3 Na5 18. Bc2 c5 19. a3 Nc6 20. b4 cxb4 21.
cxb4 Rc8 22. Bb3 a5 23. exd5 Nxd5 24. Ne4 Qd8 25. Nc5 Ba8 26. Qa2 Nd4 27. Nxd4 exd4 28.
Rxe8+ Qxe8 29. Bxd5 Bxd5 30. Qxd5 Qe2 31. Qf3 Qc2 32.
Re1 Bf8 33. Bf4 Qb2 34. Qb7 Rd8 35. Qc7 Rd5 36. Re8 axb4 37. Bxh6 Qc1+ 38. Bxc1 1-0

[Event "*** Titled Tuesday Blitz"]
[Site "Chess.com"]
[Date "2019.04.02"]
[Round "8"]
[White "VeraNebolsina"]
[Black "CookiesAndIceCream"]
[Result "0-1"]
[WhiteElo "2378"]
[BlackElo "2355"]
[TimeControl "180+2"]
[EndTime "15:47:13 PDT"]
[Termination "CookiesAndIceCream won by resignation"]

1. e4 e5 2. Nf3 Nc6 3. Bb5 Nf6 4.
d3 Bc5 5. O-O Nd4 6. Nxd4 Bxd4 7. c3 Bb6 8. Be3 O-O 9. Nd2 c6 10. Ba4 d5 11. Bxb6 Qxb6 12. Rb1 Be6 13. exd5 Nxd5 14. Bc2 Rad8 15. Qf3 Nf4 16. Nc4 Bxc4 17. dxc4 Rd2 18. Qe4 f5 19. Qxe5 Ne2+ 20. Kh1 Rxc2 21.
Rbe1 Qxb2 22. Qe6+ Kh8 23. Qe7 Rg8 24. Rb1 Qxc3 25.
Rxb7 Nd4 26. Rxa7 Rc1 0-1

[Event "*** Titled Tuesday Blitz"]
[Site "Chess.com"]
[Date "2019.04.02"]
[Round "8"]
[White "nubair1198"]
[Black "eldur16"]
[Result "1-0"]
[WhiteElo "2671"]
[BlackElo "2487"]
[TimeControl "180+2"]
[EndTime "15:47:43 PDT"]
[Termination "nubair1198 won by resignation"]

1. d4 Nf6 2. c4 g6 3. Nc3 Bg7 4. e4 d6 5. Nf3 O-O 6. Be2 e5 7. O-O Nc6 8. d5 Ne7 9. b4 a5 10. bxa5 c5 11. a4 Rxa5 12. Ra3 Ne8 13. Nb5 Ra6 14. Re1 Kh8 15. Bf1 Ng8 16. Bg5 Qd7 17.
Bc1 Qe7 18. Bg5 f6 19. Bc1 Bh6 20. g3 f5 21. exf5 gxf5 22. Bb2 Bg7 23. Nh4 Nh6 24. Bh3 e4 25. Qd2 Nf6 26. f3 Bd7 27. Nc7 Rb6 28. Nb5 Ra6 29. fxe4 Nxe4 30. Qxh6 1-0

[Event "*** Titled Tuesday Blitz"]
[Site "Chess.com"]
[Date "2019.04.02"]
[Round "8"]
[White "europa2012"]
[Black "HrvojeZagreb"]
[Result "1-0"]
[WhiteElo "2134"]
[BlackElo "2040"]
[TimeControl "180+2"]
[EndTime "15:47:47 PDT"]
[Termination "europa2012 won by resignation"]

1. d4 e6 2. c4 f5 3. Nc3 Nf6 4. Bg5 Be7 5. e3 O-O 6. Nf3 d6 7. h4 b6 8. Be2 Bb7 9. Qb3 Kh8 10. O-O-O Ne4 11. Rdf1 Bxg5 12. hxg5 Nxg5 13. d5 e5 14. Nh4 Kg8 15. f4 exf4 16. Rxf4 Qe7 17. Nxf5 Rxf5 18. Rxf5 Qxe3+ 19. Kb1 Nd7 20. Qc2 h6 21. Qd3 Qxd3+ 22. Bxd3 Ne5 23. Kc2 Bc8 24. Rf4 Nxd3 25. Kxd3 Bd7 26. Rhf1 a6 27. Ne4 Nxe4 28. Rxe4 b5 29.
b3 Re8 30. Rxe8+ Bxe8 31. Re1 Bg6+ 32. Kd4 Kf7 33. cxb5 axb5 34. a4 bxa4 35. bxa4 1-0

[Event "*** Titled Tuesday Blitz"]
[Site "Chess.com"]
[Date "2019.04.02"]
[Round "8"]
[White "12teen"]
[Black "RayRobson"]
[Result "0-1"]
[WhiteElo "2653"]
[BlackElo "2856"]
[TimeControl "180+2"]
[EndTime "15:47:48 PDT"]
[Termination "RayRobson won by resignation"]

1. e4 e5 2. Nc3 Nc6 3. g3 Bc5 4. Bg2 d6 5. d3 f5 6. f4 Nf6 7.
Nf3 a6 8. Qe2 O-O 9. Bd2 fxe4 10. dxe4 Nd4 11. Qd3 Ng4 12. h3 Nxf3+ 13. Bxf3 Nf2 14.
Qc4+ Kh8 15. Rh2 exf4 16. Rxf2 fxg3 17. Rf1 Bxh3 18. Ke2 g2 19. Rg1 Rxf3 20. Kxf3 Qh4 21. Rxg2 Qh5+ 22. Kg3 Qg4+ 0-1

[Event "*** Titled Tuesday Blitz"]
[Site "Chess.com"]
[Date "2019.04.02"]
[Round "8"]
[White "Amirreza_p"]
[Black "Yoshkinkot"]
[Result "1-0"]
[WhiteElo "2773"]
[BlackElo "2574"]
[TimeControl "180+2"]
[EndTime "15:47:51 PDT"]
[Termination "Amirreza_p won by resignation"]

1. e4 c6 2. Nf3 d5 3. Nc3 Bg4 4.
h3 Bxf3 5. Qxf3 e6 6. g3 Nf6 7. Bg2 dxe4 8. Nxe4 Nxe4 9. Qxe4 Qd5 10. O-O Qxe4 11.
Bxe4 Nd7 12. d4 Nf6 13. Bf3 O-O-O 14. c3 Bd6 15. Kg2 Rhe8 16. Rd1 e5 17. dxe5 Bxe5 18.
Be3 a6 19. h4 h6 20. Bb6 Bc7 21. Bd4 Be5 22. Bb6 Bc7 23. Rxd8+ Bxd8 24. Bd4 g6 25. Bd1 Nd5 26. Bb3 Re2 27. Rd1 Re7 28. Bxd5 cxd5 29.
Be3 Rd7 30. Bxh6 Bf6 31. Be3 Kc7 32. Bd4 Be7 33. Be5+ Kc6 34. Kh3 b5 35. g4 Bc5 36.
Bd4 f5 37. gxf5 gxf5 38. Bxc5 Kxc5 39. h5 Kd6 40. Re1 Rg7 41. f3 f4 42. Kh4 Rg2 43.
h6 Rxb2 44. Rh1 Re2 45. h7 Re8 46. Kg5 Rh8 47. Kf6 Kc5 48. Kg7 Rxh7+ 49. Kxh7 Kc4 50. Kg6 Kxc3 51. Kf5 Kb2 52. Kxf4 Kxa2 53. Ke3 b4 54.
f4 b3 55. f5 b2 56. f6 b1=Q 57. Rxb1 Kxb1 58. f7 a5 59. f8=Q a4 1-0

[Event "*** Titled Tuesday Blitz"]
[Site "Chess.com"]
[Date "2019.04.02"]
[Round "8"]
[White "AsaHoffmann"]
[Black "Lion_DL"]
[Result "0-1"]
[WhiteElo "2176"]
[BlackElo "2459"]
[TimeControl "180+2"]
[EndTime "15:47:53 PDT"]
[Termination "Lion_DL won by resignation"]

1. d4 Nf6 2. Bg5 e6 3. Nd2 h6 4. Bh4 d5 5. e3 Be7 6. Bd3 c5 7. c3 cxd4 8. exd4 O-O 9. f4 b6 10. Qe2 a5 11. Ngf3 Ba6 12. Bxa6 Nxa6 13. Ne5 Nb8 14.
O-O Nfd7 15. Bxe7 Qxe7 16. Ndf3 Nf6 17. Qb5 Qc7 18. Rae1 a4 19. a3 Ra5 20. Qd3 Nc6 21. f5 Ne4 22. Nxc6 Qxc6 23. Ne5 Qb5 24. Qh3 exf5 25. Qxf5 Ra7 26. Ng6 Re8 27. Nf4 Rd7 28. Rf2 g6 29. Nxg6 fxg6 30. Qxg6+ Rg7 31. Qxh6 Nxf2 32.
Rf1 Ng4 0-1

[Event "*** Titled Tuesday Blitz"]
[Site "Chess.com"]
[Date "2019.04.02"]
[Round "8"]
[White "Lennis93"]
[Black "djogrodek1"]
[Result "0-1"]
[WhiteElo "2362"]
[BlackElo "2529"]
[TimeControl "180+2"]
[EndTime "15:47:59 PDT"]
[Termination "djogrodek1 won by checkmate"]

1. e4 c5 2. Nf3 Nc6 3. Bb5 g6 4. O-O Bg7 5. Re1 e5 6. c3 Nge7 7. d4 cxd4 8. cxd4 exd4 9. Bf4 d6 10. Nxd4 O-O 11. Be3 d5 12. Nc3 dxe4 13. Nxc6 bxc6 14. Bc4 Qa5 15. Qd6 Nf5 16. Qxc6 Nxe3 17. Rxe3 Bf5 18.
Nd5 Kh8 19. b4 Qd8 20. Rae1 Rc8 21. Qa6 Be6 22. Rd1 Qd7 23. Rxe4 Rfd8 24. Ne3 Bxc4 25. Qxc4 Qxd1+ 26. Nxd1 Rxc4 27. Re1 Rc1 28. Kf1 Rdxd1 29. Rxd1 Rxd1+ 30. Ke2 Ra1 31. Kd3 Rxa2 32. f4 Rxg2 33. h4 Rg4 34. Ke4 Rxh4 35. b5 g5 36. Kf5 Rxf4+ 37.
Kxg5 Rb4 38. Kh5 Bf6 39. b6 Rh4# 0-1

[Event "*** Titled Tuesday Blitz"]
[Site "Chess.com"]
[Date "2019.04.02"]
[Round "8"]
[White "Konavets"]
[Black "joppie2"]
[Result "1-0"]
[WhiteElo "2826"]
[BlackElo "2803"]
[TimeControl "180+2"]
[EndTime "15:48:00 PDT"]
[Termination "Konavets won by resignation"]

1. c4 e5 2. Nc3 Nf6 3. Nf3 Nc6 4. a3 d5 5. cxd5 Nxd5 6. e3 Nxc3 7. bxc3 Bd6 8. d4 O-O 9. Qc2 Re8 10. Be2 e4 11.
Nd2 Qg5 12. g3 Bf5 13. Rb1 b6 14. h4 Qf6 15. g4 Bd7 16. Nxe4 Qg6 17. Bd3 Qxg4 18.
Rb5 Nxd4 19. cxd4 Bxb5 20. Nf6+ gxf6 21. Bxb5 f5 22. Kf1 Qe4 23. Rg1+ Kf8 24. Bd3 Qxh4 25. Bxf5 Qh5 26. e4 c5 27. e5 Bxe5 28. dxe5 Rxe5 29.
Qd3 Rae8 30. Qd6+ R5e7 31. Bh6+ 1-0

[Event "*** Titled Tuesday Blitz"]
[Site "Chess.com"]
[Date "2019.04.02"]
[Round "8"]
[White "Shant_Sargsyan"]
[Black "norwaytoadog"]
[Result "1-0"]
[WhiteElo "2930"]
[BlackElo "2247"]
[TimeControl "180+2"]
[EndTime "15:48:01 PDT"]
[Termination "Shant_Sargsyan won on time"]

1. b3 Nf6 2. Bb2 e6 3. e3 a5 4. Nf3 a4 5. d4 a3 6. Bc1 d5 7. Bd3 Bd6 8. O-O b6 9. c4 Bb7 10. Nc3 c6 11. Qe2 O-O 12. e4 dxe4 13. Nxe4 Be7 14. Bf4 Nbd7 15. Rad1 Qc8 16. Nd6 Bxd6 17. Bxd6 Re8 18. Ne5 c5 19. dxc5 Nxc5 20. Bb1 Be4 21. Bxc5 Bxb1 22. Bxb6 Be4 23. Bd4 Bb7 24. Rfe1 Qc7 25.
Qe3 Rac8 26. h3 Qb8 27. Ba1 Rcd8 28. Qc1 Qa8 29. Qg5 h6 30. Qg3 Rxd1 31. Rxd1 Rd8 32. Nd7 Rxd7 33. Rxd7 Ne8 34. Qd3 Qa5 35. Rxb7 Qe1+ 36.
Qf1 Qe4 37. Rb8 Kf8 38. c5 Ke7 39. b4 Nf6 40. b5 Nd5 41. b6 Nf4 42. b7 Ne2+ 43. Kh1 1-0

[Event "*** Titled Tuesday Blitz"]
[Site "Chess.com"]
[Date "2019.04.02"]
[Round "8"]
[White "robbykevlishvili"]
[Black "Guenplen"]
[Result "1-0"]
[WhiteElo "2867"]
[BlackElo "2917"]
[TimeControl "180+2"]
[EndTime "15:48:06 PDT"]
[Termination "robbykevlishvili won by resignation"]

1. e4 c5 2. Nf3 e6 3. d4 cxd4 4. Nxd4 Nc6 5. Nc3 a6 6. Nxc6 bxc6 7. Bd3 d5 8. Qe2 Nf6 9. O-O Be7 10. f4 O-O 11. Bd2 c5 12. b3 Bb7 13. e5 c4 14.
bxc4 dxc4 15. Bxc4 Ng4 16. Kh1 Bc5 17. Qxg4 Qxd2 18.
Na4 Ba7 19. Bd3 Bc6 20. Nb2 Qc3 21. Nc4 Bb5 22. Nd6 Bxd3 23. cxd3 Qxd3 24. f5 exf5 25. Nxf5 g6 26. Rad1 Qb5 27. Qg5 Rad8 28. Ne7+ Kg7 29. Qf6+ Kh6 30. Nf5+ 1-0

[Event "*** Titled Tuesday Blitz"]
[Site "Chess.com"]
[Date "2019.04.02"]
[Round "8"]
[White "Gabix_94"]
[Black "Shahinyan_ChessMood"]
[Result "0-1"]
[WhiteElo "2582"]
[BlackElo "2616"]
[TimeControl "180+2"]
[EndTime "15:48:14 PDT"]
[Termination "Shahinyan_ChessMood won by resignation"]

1. c4 e5 2. Nc3 Nc6 3. g3 g6 4. Bg2 Bg7 5. d3 d6 6. Nf3 Be6 7. Ng5 Bd7 8. Rb1 h6 9. Nf3 Be6 10. b4 Qd7 11. b5 Nd8 12. h4 Ne7 13. Nd2 O-O 14. Bb2 a6 15. a4 axb5 16. axb5 Kh7 17.
O-O Bh3 18. Nf3 Bxg2 19. Kxg2 Ne6 20. Nd5 Nxd5 21. cxd5 Nc5 22. Bc3 e4 23. Nd4 exd3 24. exd3 Ra3 25. Qc1 Rfa8 26. h5 Qg4 27. hxg6+ fxg6 28.
f3 Qh5 29. Ne2 Ra2 30. Bd2 Qxd5 31. Nf4 Qf7 32. Kh1 Nb3 33. Rxb3 Qxb3 34. Be3 Ra1 0-1

[Event "*** Titled Tuesday Blitz"]
[Site "Chess.com"]
[Date "2019.04.02"]
[Round "8"]
[White "ZeroRealtorFade"]
[Black "SlavenPastar"]
[Result "1-0"]
[WhiteElo "2271"]
[BlackElo "2417"]
[TimeControl "180+2"]
[EndTime "15:48:15 PDT"]
[Termination "ZeroRealtorFade won by checkmate"]

1. d4 b6 2. Bf4 Bb7 3. e3 Nf6 4. Nf3 e6 5. c3 Be7 6. Nbd2 O-O 7. Bd3 a5 8. O-O Na6 9. e4 d6 10. Re1 c5 11. h3 Nc7 12. Qe2 b5 13. Rad1 b4 14.
dxc5 dxc5 15. e5 Nfd5 16. Qe4 g6 17. Bh6 Re8 18. c4 Nf4 19. Qxf4 Qxd3 20. Ne4 Qc2 21.
Nf6+ Kh8 22. Nxe8 Bxf3 23. Nxc7 Bxd1 24. Qxf7 Qf5 25. Bg7# 1-0

[Event "*** Titled Tuesday Blitz"]
[Site "Chess.com"]
[Date "2019.04.02"]
[Round "8"]
[White "VitaliyBernadskiy"]
[Black "maloy07"]
[Result "0-1"]
[WhiteElo "2746"]
[BlackElo "2848"]
[TimeControl "180+2"]
[EndTime "15:48:16 PDT"]
[Termination "maloy07 won by resignation"]

1. e4 e6 2. d4 d5 3. exd5 exd5 4. Nf3 Nc6 5. Be2 Nf6 6. O-O Bd6 7. c3 O-O 8. Bg5 h6 9. Bh4 Bf5 10. Nbd2 g5 11.
Bg3 Bxg3 12. hxg3 Qd6 13. Re1 Rfe8 14. Qb3 a6 15. Bf1 Na5 16. Qa4 Nc6 17. Qb3 Na5 18.
Qb4 Qxb4 19. cxb4 Nc6 20. a3 g4 21. Nh4 Bc2 22. Rxe8+ Rxe8 23. b5 Nxd4 24. bxa6 bxa6 25.
Bxa6 c5 26. a4 Ra8 27. Bb7 Rb8 28. Ba6 Rxb2 29. a5 Bh7 30. Nf1 c4 31. Bc8 Rb8 32. Ba6 c3 33. f3 c2 34. Nd2 Nb3 0-1

[Event "*** Titled Tuesday Blitz"]
[Site "Chess.com"]
[Date "2019.04.02"]
[Round "8"]
[White "chessking2151"]
[Black "DanielMieles1985"]
[Result "0-1"]
[WhiteElo "2572"]
[BlackElo "2666"]
[TimeControl "180+2"]
[EndTime "15:48:18 PDT"]
[Termination "DanielMieles1985 won by resignation"]

1. d4 d5 2. c4 c6 3. Nf3 Nf6 4. e3 a6 5. Nc3 e6 6. Bd3 dxc4 7. Bxc4 b5 8. Bb3 c5 9. O-O Bb7 10. Qe2 Nbd7 11. Rd1 Qc7 12. d5 c4 13. dxe6 fxe6 14. Bc2 Bc5 15. Nd4 O-O 16. e4 Rae8 17. Be3 Ne5 18.
h3 b4 19. Na4 Nxe4 20. Bxe4 Bxe4 21. Nxc5 Qxc5 22. Nxe6 Qc6 23. Nxf8 Bxg2 24. Qh5 Kxf8 25. Bc5+ Kg8 26. Rd6 Nf3+ 27. Kxg2 Ne1+ 28. Kg3 Qg2+ 29. Kh4 Re4+ 30. Qg4 Nf3+ 31. Kh5 Qxg4+ 32. hxg4 Re5+ 0-1

[Event "*** Titled Tuesday Blitz"]
[Site "Chess.com"]
[Date "2019.04.02"]
[Round "8"]
[White "Atanejhad"]
[Black "j2806"]
[Result "1-0"]
[WhiteElo "2181"]
[BlackElo "1743"]
[TimeControl "180+2"]
[EndTime "15:48:24 PDT"]
[Termination "Atanejhad won by resignation"]

1. d4 Nf6 2. c4 e6 3. Nf3 d5 4.
Nc3 c5 5. cxd5 exd5 6. g3 Nc6 7. Bg2 Be6 8. O-O Be7 9. Bg5 cxd4 10. Nxd4 Nxd4 11. Qxd4 O-O 12. Rfd1 h6 13. Bf4 Qc8 14. Nxd5 Nxd5 15. Bxd5 Rd8 16. e4 Bf6 17. Be5 Bxe5 18.
Qxe5 Bxd5 19. exd5 Re8 20. Qf4 Qd7 21. Rac1 Rac8 22.
Rxc8 Rxc8 23. Qe4 Qd6 24. Rd3 Kh8 25. Rc3 Qd7 26. Kg2 Rxc3 27. bxc3 b6 28. f4 Kg8 29. f5 f6 30. Qe6+ Qf7 31. Kf3 Kf8 32. Qxf7+ Kxf7 33. Ke4 Ke7 34. Kd4 Kd6 35. a4 a6 36. c4 h5 37. h3 a5 38. h4 Kc7 39. c5 bxc5+ 40. Kxc5 Kd7 41. d6 Kc8 42. Kc6 Kd8 43. d7 Ke7 1-0

[Event "*** Titled Tuesday Blitz"]
[Site "Chess.com"]
[Date "2019.04.02"]
[Round "8"]
[White "NM2019"]
[Black "albano87"]
[Result "0-1"]
[WhiteElo "2176"]
[BlackElo "2337"]
[TimeControl "180+2"]
[EndTime "15:48:25 PDT"]
[Termination "albano87 won on time"]

1. c4 c5 2. Nf3 Nc6 3. g3 g6 4.
Bg2 Bg7 5. O-O Nf6 6. Nc3 O-O 7. d4 cxd4 8. Nxd4 Qa5 9. Nb3 Qh5 10. e3 d6 11.
Qxh5 Nxh5 12. Nd5 a5 13. Bf3 a4 14. Nd2 a3 15. Rb1 axb2 16. Bxb2 Rxa2 17. Bxg7 Kxg7 18. Rfd1 Nf6 19. Nxf6 Kxf6 20. c5 dxc5 21. Ne4+ Kg7 22. Nxc5 Ne5 23. Bxb7 Ng4 24. Rf1 Bxb7 25. Rxb7 Rc8 26.
Nd3 Rd2 27. Rb3 Rcc2 28. h3 Nxe3 29. Re1 Nd5 30. Kg2 Nc3 31. Re3 e5 0-1

[Event "*** Titled Tuesday Blitz"]
[Site "Chess.com"]
[Date "2019.04.02"]
[Round "8"]
[White "Roenko_Artur"]
[Black "LaughingTiger"]
[Result "0-1"]
[WhiteElo "2281"]
[BlackElo "2188"]
[TimeControl "180+2"]
[EndTime "15:48:33 PDT"]
[Termination "LaughingTiger won by resignation"]

1. e4 c5 2. d4 cxd4 3. c3 d5 4. exd5 Nf6 5. Qxd4 Qxd5 6. Nf3 Nc6 7. Qxd5 Nxd5 8. Bc4 Nb6 9. Bb3 Bg4 10. Nbd2 e5 11.
Ng5 Bh5 12. O-O h6 13. Nge4 O-O-O 14. Nc4 Nxc4 15. Bxc4 Bg6 16. f3 f5 17. Ng3 Bc5+ 18.
Kh1 f4 19. Ne4 Bxe4 20. fxe4 g5 21. b4 Bb6 22. a4 Bc7 23. b5 Na5 24. Bd5 Rxd5 25.
exd5 e4 26. Ba3 Rd8 27. Rad1 Nc4 28. Bc5 b6 29. Bg1 Be5 30. a5 e3 31. Rfe1 Kb7 32.
a6+ Kb8 33. g3 Bxc3 34. Re2 Bd2 35. Kg2 Rxd5 36. gxf4 gxf4 37. Kf3 Rd4 38. Rg2 Ne5+ 39. Ke2 f3+ 0-1